 Dungeon Crawl Stone Soup version 0.31.0-11-ge490571c62 (webtiles) character file.

Game seed: 18313892868307495980

33 browni3141 the Trooper (level 3, -1/33 HPs)
             Began as a Minotaur Fighter on Jan 27, 2024.
             Slain by Terence
             ... wielding a +5 trident of protection
              (13 damage)
             ... on level 2 of the Dungeon.
             The game lasted 00:00:22 (294 turns).

browni3141 the Trooper (Minotaur Fighter)            Turns: 294, Time: 00:00:23

Health: -1/33      AC:  7    Str: 22    XL:     3   Next: 12%
Magic:  2/2        EV:  9    Int:  5    God:
Gold:   22         SH:  4    Dex:  9    Spells: 2/2 levels left

rFire   . . .        a - +0 war axe
rCold   . . .        c - +0 buckler
rNeg    . . .        b - +0 scale mail
rPois   .            (helmet restricted)
rElec   .            (no cloak)
rCorr   .            (no gloves)
SInv    .            (no boots)
Will    .....        (no amulet) Stlth
                     (no ring)
HPRegen 0.25/turn    (no ring)
MPRegen 0.08/turn

%: no passive effects
@: no status effects
A: horns 2, retaliatory headbutt
a: no special abilities


You were on level 2 of the Dungeon.
You visited 1 branch of the dungeon, and saw 2 of its levels.

You collected 22 gold pieces.

Inventory:

Hand Weapons
 a - a +0 war axe (weapon)
Armour
 b - a +0 scale mail (worn)
 c - a +0 buckler (worn)
Scrolls
 e - 3 scrolls of fear {unknown}
Potions
 d - a potion of might
 f - 2 potions of magic {unknown}
 g - a potion of degeneration {unknown}
 h - a potion of attraction {unknown}
 i - a potion of lignification {unknown}
 j - a potion of cancellation {unknown}
 k - a potion of brilliance {unknown}


   Skills:
 + Level 4.0 Fighting
 * Level 3.3 Axes
 + Level 4.0 Armour
 + Level 4.0 Shields


You had 2 spell levels left.
You didn't know any spells.
Your spell library contained the following spells:

 Spells                   Type           Power      Damage    Failure   Level
 Volatile Blastmotes      Fire/Tloc      0%         2d10      99%         3
 Fulminant Prism          Conj/Alch      0%         3d5       100%        4
 Iskenderun's Mystic Bla  Conj/Tloc      0%         2d3       100%        4


Dungeon Overview and Level Annotations

Branches:
Dungeon (2/15)

Altars:

Annotations:
D:2 Terence


Innate Abilities, Weirdness & Mutations

You have a pair of horns on your head.
You reflexively headbutt those who attack you in melee.


Message History

The giant cockroach closely misses you.
You hit the giant cockroach. You headbutt the giant cockroach.
You kill the giant cockroach!
You hit the adder. Your headbutt misses the adder.
The adder is heavily wounded.
The adder bites you. The adder bites you but does no damage.
You barely miss the adder. Your headbutt misses the adder.
The adder is heavily wounded.
You hit the adder. The adder bites you but does no damage.
The adder completely misses you. The adder barely misses you.
The adder bites you but does no damage.
You barely miss the adder.
The adder is moderately wounded.
You hit the adder but do no damage. The adder closely misses you.
The adder bites you but does no damage. The adder bites you.
You are poisoned.
The adder poisons you!
You closely miss the adder. You headbutt the adder.
The adder is heavily wounded.
You closely miss the adder.
You feel sick. The adder closely misses you. x2
You furiously retaliate!
You headbutt the adder!
You kill the adder!
The adder bites you.
Your Axes skill increases to level 3!
You slash the adder!
You kill the adder!
You closely miss the hobgoblin.
You feel sick. The hobgoblin barely misses you.
Your Fighting skill increases to level 4!
You have reached level 3!
Your experience leads to an increase in your attributes!
Increase (S)trength, (I)ntelligence, or (D)exterity?
You feel stronger. x2
You closely miss the hobgoblin.
You feel sick. The hobgoblin barely misses you.
You block the hobgoblin's attack.
You hit the hobgoblin but do no damage. Your headbutt misses the hobgoblin.
You feel sick.
A kobold comes into view. It is wielding a +0 club.
The hobgoblin completely misses you.
The kobold shouts!
You hit the hobgoblin.
You kill the hobgoblin!
You feel sick.
You are no longer poisoned.
The hobgoblin hits you.
You completely miss the hobgoblin. You block the hobgoblin's attack.
You barely miss the hobgoblin. You headbutt the hobgoblin.
You kill the hobgoblin!
Your Armour skill increases to level 4!
Your Shields skill increases to level 4!
You closely miss the kobold. You block the kobold's attack.
The kobold hits you with a +0 club.
You slash the kobold!
You kill the kobold!
No target in view!
No target in view!
You see here a +0 club.
An endoplasm comes into view.
An endoplasm is nearby!
An endoplasm is nearby!
An endoplasm is nearby!
The endoplasm quivers.
The endoplasm hits you.
You slash the endoplasm!
You kill the endoplasm!
No target in view!
No target in view!
HP restored.
You see here a +0 club.
You see here an adder corpse.
e - 3 scrolls labelled TUOTHE DUTH (gained 1)
Things that are here:
a +0 chain mail; an adder corpse
k - an orange potion Terence the Incautious comes into view.
He is wielding a +5 trident of protection and wearing a +0 scale mail of cold resistance.
Terence shouts!
Terence is nearby!
Terence is nearby!
Terence closely misses you. You furiously retaliate!
You headbutt Terence. You slash Terence!
You headbutt Terence, but do no damage.
Terence is almost dead.
Terence hits you with a +5 trident of protection!
You hit Terence but do no damage.
Terence is almost dead.
Terence hits you with a +5 trident of protection.
You hit Terence but do no damage.
Terence is almost dead.
Terence hits you with a +5 trident of protection.
Terence hits you with a +5 trident of protection!
You hit Terence but do no damage.
Terence is almost dead.
Terence barely misses you.
You barely miss Terence. You headbutt Terence, but do no damage.
Terence is almost dead.
Terence hits you with a +5 trident of protection.
Terence completely misses you.
You hit Terence but do no damage. Your headbutt misses Terence.
Terence is almost dead.
Terence hits you with a +5 trident of protection!
You die...
Terence says, "Time to find some more victims."

#.###..#.......<
#...........<...
###...#.†#......
#####.##...)..###.
# ...#.##[†###.....
.. #.#.....# ####).
#.#.#####.......##
##.
...................
. #...@@......###..
. #........##.# ..
. #.......###... ..
. #....!..#
###...... .
#.......# ...
#.......# ..
#########


You could see Terence.

Vanquished Creatures
  2 adders (D:2)
  A dart slug (D:2)
  2 endoplasms (D:2)
  A giant cockroach (D:2)
  A goblin (D:1)
  2 hobgoblins (D:2)
  A quokka (D:1)
  3 kobolds
13 creatures vanquished.

Notes
Turn   | Place    | Note
-------+----------+-------------------------------------------
     0 | D:1      | browni3141 the Minotaur Fighter began the quest for the
                  | Orb.
     0 | D:1      | Reached XP level 1. HP: 19/19 MP: 0/0
   170 | D:2      | Reached XP level 2. HP: 27/27 MP: 1/1
   183 | D:2      | Reached XP level 3. HP: 19/33 MP: 2/2
   285 | D:2      | Noticed Terence
   294 | D:2      | Slain by Terence

Illustrated notes

Levels and vault maps discovered:
D:1:      lightli_arrival_noodles, layout_basic
D:2:      layout_rooms, ebering_ecumenical_altar_webs, st_stairs_8,
          item_on_display_a, uniq_terence

Skill      XL: |  1  2  3 |
---------------+----------+-----
Axes           | 3 |  3.3
Fighting       | 4 |  4.0
Armour         | 4 |  4.0
Shields        | 4 |  4.0

Action                     || total
---------------------------++-------
  Melee: War axe           ||    27
         Headbutt          ||     5
 Armour: Scale mail        ||    19
  Dodge: Dodged            ||    17
  Block: Buckler           ||     5
